 Dungeon Crawl Stone Soup version 0.28.0-47-ge53b351184 (webtiles) character file.

Game seed: 7724423405892902220

14266 Peloso the Carver (level 11, -1/101 HPs)
             Began as a Minotaur Fighter on May 6, 2022.
             Was a High Priest of Okawaru.
             Slain by a wolf (7 damage)
             ... on level 1 of the Lair of Beasts.
             The game lasted 00:30:57 (14913 turns).

Peloso the Carver (Minotaur Fighter)               Turns: 14913, Time: 00:30:57

Health: -1/101     AC: 21    Str: 23    XL:     11   Next: 86%
Magic:  9/11       EV: 10    Int:  5    God:    Okawaru [*****.]
Gold:   491        SH:  7    Dex: 12    Spells: 10/10 levels left

rFire   . . .      SeeInvis +   a - +4 scimitar (flame)
rCold   . . .      Faith    .   c - +0 buckler
rNeg    . . .      Spirit   .   e - +0 plate armour
rPois   .          Reflect  .   (helmet restricted)
rElec   .          Harm     .   (no cloak)
rCorr   .          Rampage  .   y - +0 pair of gloves
Will    .....                   r - +0 pair of boots
Stlth   ..........              (no amulet)
HPRegen 0.26/turn               f - ring of see invisible
MPRegen 0.12/turn               (no ring)

@: heroic, studying Shields
A: horns 2, retaliatory headbutt
a: Renounce Religion, Heroism, Finesse, Duel


You were on level 1 of the Lair of Beasts.
You worshipped Okawaru.
Okawaru was extremely pleased with you.
You visited 3 branches of the dungeon, and saw 14 of its levels.
You also visited: Sewer.

You collected 491 gold pieces.

Inventory:

Hand Weapons
 a - a +4 scimitar of flaming (weapon)
 b - a +0 long sword of venom
Missiles
 o - 2 throwing nets (quivered)
Armour
 c - a +0 buckler (worn)
 e - a +0 plate armour (worn)
 r - a +0 pair of boots (worn)
 y - a +0 pair of gloves (worn)
 G - a +3 scale mail of willpower
 K - the +4 ring mail "Oviguhe" {Dex+6}
   (Okawaru gifted it to you on level 12 of the Dungeon)

   Dex:       It affects your dexterity (+6).
 L - +0 acid dragon scales
Jewellery
 f - a ring of see invisible (left hand)
 w - an amulet of magic regeneration
 I - an amulet of the acrobat
Wands
 n - a wand of iceblast (24)
 q - a wand of flame (39)
 F - a wand of polymorph (5)
 M - a wand of acid (2)
Scrolls
 g - 9 scrolls of teleportation
 h - a scroll of enchant weapon
 j - a scroll of brand weapon
 m - 2 scrolls of noise
 s - a scroll of fear
 v - 2 scrolls of amnesia
 z - 2 scrolls of blinking
 B - a scroll of vulnerability
 C - a scroll of fog
 H - 2 scrolls of immolation {unknown}
Potions
 d - 4 potions of might
 i - 2 potions of heal wounds
 k - a potion of invisibility
 l - 3 potions of mutation
 p - 3 potions of curing
 t - 3 potions of haste
 u - 3 potions of attraction {unknown}
 x - 2 potions of magic {unknown}
 A - a potion of flight {unknown}
 D - 2 potions of cancellation {unknown}
 E - a potion of degeneration {unknown}
Miscellaneous
 J - a phantom mirror


   Skills:
 + Level 10.9(15.9) Fighting
 + Level 14.5(19.5) Long Blades
 + Level 12.3(17.3) Armour
 + Level 3.1(8.1) Dodging
 + Level 2.5(7.5) Stealth
 + Level 9.9(14.9) Shields
 + Level 1.8 Invocations


You had 10 spell levels left.
You didn't know any spells.
Your spell library contained the following spells:

 Spells                   Type           Power      Damage    Failure   Level
 Blink                    Tloc           0%         N/A       100%        2
 Frozen Ramparts          Ice            0%         1d2       100%        3
 Ice Form                 Ice/Tmut       0%         N/A       100%        4
 Manifold Assault         Tloc           0%         N/A       100%        5
 Storm Form               Tmut/Air       0%         N/A       100%        7
 Summon Ice Beast         Ice/Summ       Unusable   N/A       N/A         4

Dungeon Overview and Level Annotations

Branches:
Dungeon (12/15)            Temple (1/1) D:5            Lair (1/6) D:10
    Orc (0/2) D:12          Sewer (visited)

Altars:
Ashenzari
Cheibriados
Dithmenos
Elyvilon
Fedhas
Gozag
Hepliaklqana
Kikubaaqudgha
Makhleb
Nemelex Xobeh
Okawaru
Qazlal
Ru
Sif Muna
Trog
Uskayaw
Vehumet
Wu Jian
Xom
Yredelemnul
Zin
The Shining One

Annotations:
D:11 exclusions: ice statue and orange crystal statue


Innate Abilities, Weirdness & Mutations

You have a pair of horns on your head.
You reflexively headbutt those who attack you in melee.


Message History

The wolf bites you but does no damage.
You hit the wolf but do no damage.
The wolf is severely wounded.
The wolf bites you!
* * * LOW HITPOINT WARNING * * *
The wolf bites you but does no damage. The wolf closely misses you.
You completely miss the wolf. Your headbutt misses the wolf.
The wolf is severely wounded.
The wolf barely misses you. You block the wolf's attack. The wolf misses you.
You furiously retaliate!
You headbutt the wolf. You block the wolf's attack.
The wolf bites you but does no damage. The wolf bites you but does no damage.
You slash the wolf! You burn the wolf. You headbutt the wolf!
The wolf is severely wounded.
You block the wolf's attack.
You hit the wolf but do no damage.
The wolf is severely wounded.
The wolf bites you!
* * * LOW HITPOINT WARNING * * *
The wolf bites you but does no damage.
You barely miss the wolf.
The wolf is severely wounded.
You block the wolf's attack.
You closely miss the wolf. You headbutt the wolf.
The wolf is almost dead.
You block the wolf's attack.
You closely miss the wolf.
The wolf is almost dead.
The wolf barely misses you.
You gain the combat prowess of a mighty hero.
The wolf closely misses you. You block the wolf's attack.
You hit the wolf. You burn the wolf.
You kill the wolf!
Okawaru accepts your kill. The wolf bites you!
* * * LOW HITPOINT WARNING * * *
You slash the wolf! You burn the wolf. Your headbutt misses the wolf.
The wolf is severely wounded.
The wolf bites you!
You die...

### # .. .... ... #. .#..#
#..# ##.####.###.#######...
## ........ ........... ..
###..######.#.#..#P.###.#
.......................
###.##..#.P..#####h#.###.#.
................@hh........
.####.#.###.###.####.#.#.##
# ##### ### ### ##


You could see 3 wolves.

Vanquished Creatures
  Erica (D:9)
  3 two-headed ogres (D:12)
  An orc knight (D:11)
  An orc sorcerer (D:11)
  An oklob plant (D:10)
  A cyclops (D:12)
  A gargoyle (D:11)
  A rime drake (Lair:1)
  2 trolls (D:10)
  5 slime creatures (D:12)
  Grinder (D:6)
  7 yaks
  A wraith (D:11)
  2 wyverns
  Grum (D:9)
  A vampire (D:8)
  7 vampire mosquitoes
  A warg (D:11)
  An acid dragon (D:12)
  2 water moccasins
  Pargi (D:4)
  2 sky beasts
  5 orc warriors
  2 necrophages
  An ice beast (D:7)
  A black bear (D:6)
  An ogre (D:7)
  9 wolves
  3 centaurs
  A phantom (D:4)
  2 kobold brigands (Sewer)
  Blork the orc (D:4)
  4 bullfrogs
  A gnoll sergeant (D:9)
  A wyvern zombie (D:6)
  15 killer bees
  3 wights (D:8)
  An electric eel (D:7)
  3 howler monkeys
  2 centaur zombies
  5 orc priests
  4 jellies
  6 hounds
  A centaur skeleton (D:6)
  2 bullfrog skeletons
  5 iguanas
  6 orc wizards
  3 gnolls (D:9)
  10 adders
  5 river rats (Sewer)
  A shadow imp (D:8)
  A white imp (D:7)
  2 ufetubi (D:6)
  An adder skeleton (D:5)
  A worm (D:3)
  2 dart slugs
  34 orcs
  8 endoplasms
  5 giant cockroaches
  4 goblins
  8 hobgoblins
  28 kobolds
  3 quokkas
  14 ball pythons
  9 bats
  8 frilled lizards
  28 rats
  A spectral goblin (D:2)
305 creatures vanquished.

Vanquished Creatures (others)
  A fungus (D:5)
  9 plants
10 creatures vanquished.

Grand Total: 315 creatures vanquished

Notes
Turn   | Place    | Note
-------+----------+-------------------------------------------
     0 | D:1      | Peloso the Minotaur Fighter began the quest for the Orb.
     0 | D:1      | Reached XP level 1. HP: 19/19 MP: 0/0
   242 | D:1      | Reached XP level 2. HP: 27/27 MP: 1/1
   323 | D:1      | Reached skill level 3 in Long Blades
   674 | D:1      | Reached XP level 3. HP: 31/33 MP: 2/2
  1245 | D:2      | Found a faded altar of an unknown god.
  1363 | D:2      | Found a shimmering altar of Xom.
  1547 | D:2      | Reached skill level 4 in Long Blades
  2025 | D:3      | Reached XP level 4. HP: 40/40 MP: 3/3
  2031 | D:3      | Found a glowing drain.
  2056 | Sewer    | Entered a sewer
  2096 | Sewer    | Noticed a kobold brigand
  2134 | Sewer    | Killed a kobold brigand
  2135 | Sewer    | Reached skill level 1 in Dodging
  2135 | Sewer    | Reached XP level 5. HP: 38/47 MP: 4/4
  2487 | Sewer    | Reached skill level 5 in Long Blades
  2565 | Sewer    | Reached skill level 5 in Armour
  2565 | Sewer    | Reached XP level 6. HP: 35/55 MP: 5/5
  2572 | Sewer    | Reached skill level 5 in Fighting
  3655 | D:4      | Reached skill level 6 in Long Blades
  3834 | D:4      | Reached XP level 7. HP: 59/61 MP: 6/6
  3855 | D:4      | Noticed Blork the orc
  3869 | D:4      | Killed Blork the orc
  4021 | D:4      | Noticed Pargi
  4034 | D:4      | Killed Pargi
  4537 | D:4      | Reached skill level 7 in Long Blades
  4723 | D:5      | Entered Level 5 of the Dungeon
  4888 | D:5      | Found a staircase to the Ecumenical Temple.
  4893 | Temple   | Entered the Ecumenical Temple
  4999 | Temple   | Became a worshipper of Warmaster Okawaru
  5253 | D:5      | Reached XP level 8. HP: 70/70 MP: 7/7
  5364 | D:5      | Found a sacrificial altar of Ru.
  6115 | D:6      | Noticed Grinder
  6119 | D:6      | Paralysed by Grinder for 3 turns
  6142 | D:6      | Killed Grinder
  6143 | D:6      | Reached skill level 8 in Long Blades
  6258 | D:6      | Reached * piety under Okawaru
  6259 | D:6      | Reached skill level 5 in Shields
  6338 | D:6      | Reached skill level 9 in Long Blades
  7245 | D:7      | Reached skill level 10 in Long Blades
  7245 | D:7      | Reached XP level 9. HP: 53/79 MP: 8/8
  8459 | D:8      | Reached ** piety under Okawaru
  8804 | D:8      | Reached skill level 11 in Long Blades
  9543 | D:9      | Reached skill level 1 in Stealth
  9555 | D:9      | Noticed Grum
  9576 | D:9      | Killed Grum
  9655 | D:8      | Reached XP level 10. HP: 36/90 MP: 6/9
 10200 | D:9      | Noticed Erica
 10260 | D:9      | Killed Erica
 10261 | D:9      | Reached skill level 1 in Invocations
 10348 | D:9      | Reached skill level 12 in Long Blades
 10348 | D:9      | Reached skill level 10 in Armour
 10713 | D:10     | Entered Level 10 of the Dungeon
 10720 | D:10     | Reached *** piety under Okawaru
 10908 | D:10     | Found a staircase to the Lair.
 10908 | D:10     | Noticed an oklob plant
 12185 | D:11     | Received a gift from Okawaru
 12342 | D:11     | Reached **** piety under Okawaru
 12631 | D:11     | Noticed an orc knight
 12631 | D:11     | Noticed an orc sorcerer
 12642 | D:11     | Killed an orc knight
 12643 | D:11     | Reached skill level 13 in Long Blades
 12643 | D:11     | Reached XP level 11. HP: 65/97 MP: 8/11
 12665 | D:11     | Killed an orc sorcerer
 12873 | D:11     | Noticed an orange crystal statue
 12874 | D:11     | Noticed a two-headed ogre
 12874 | D:11     | Noticed a two-headed ogre
 13646 | D:12     | Noticed a two-headed ogre
 13652 | D:12     | Killed a two-headed ogre
 13873 | D:12     | Found a staircase to the Orcish Mines.
 13999 | D:12     | Reached skill level 10 in Fighting
 14196 | D:12     | Reached ***** piety under Okawaru
 14320 | D:12     | Noticed a two-headed ogre
 14324 | D:12     | Killed a two-headed ogre
 14324 | D:12     | Identified the +4 ring mail "Oviguhe" {Dex+6} (Okawaru
                  | gifted it to you on level 12 of the Dungeon)
 14324 | D:12     | Received a gift from Okawaru
 14325 | D:12     | Reached skill level 14 in Long Blades
 14387 | D:12     | Noticed a two-headed ogre
 14395 | D:12     | Killed a two-headed ogre
 14728 | D:10     | Killed an oklob plant
 14759 | Lair:1   | Entered Level 1 of the Lair of Beasts
 14913 | Lair:1   | Slain by a wolf

Illustrated notes

Levels and vault maps discovered:
D:1:      lemuel_arrival_funnel, layout_basic
D:2:      layout_basic, basic_altar, dreamdust_ecumenical_altar_drowned_temple,
          minmay_lizard_king
D:3:      layout_loops_ring, portal_sewer_entry_c, amcnicky_mini_pool_small,
          minmay_diced_spiral
D:4:      layout_basic, kennysheep_generic_room_2, uniq_blork_the_orc,
          uniq_pargi
D:5:      layout_layer_cave, nicolae_ru_the_path_less_chosen,
          minmay_temple_entry_drinking_statues, chequers_serial_rivers_marsh
D:6:      layout_basic, uniq_grinder
D:7:      layout_cave_pools, minivault_4, corexii_hall_statues_x
D:8:      layout_basic
D:9:      layout_rooms, hangedman_decor_clover_reticule, patterned_corridor,
          uniq_erica, uniq_grum
D:10:     layout_roguey, dpeg_oklobed_lair, special_room [special_room_orc],
          minmay_misc_feat_nine_boxes
D:11:     minmay_separated_statues, layout_irregular_city, eino_tiny_chamber
D:12:     layout_loops_ring, orc_0_dummy
Temple:   kilobyte_greek_temple
Lair:1:   kb_forest_paths, layout_long_grid, portal_ice_cave_entry_pillars_1

Skill      XL: |  1  2  3  4  5  6  7  8  9 10 11 |
---------------+----------------------------------+-----
Fighting       | 4 5 6 7 8 9 10 | 10.9
Long Blades    | 3 4 5 6 7 10 11 13 14 | 14.5
Armour         | 4 5 6 7 9 11 12 | 12.3
Shields        | 4 5 6 8 9 |  9.9
Dodging        | 1 2 3 |  3.1
Stealth        | 1 2 |  2.5
Invocations    | 1 |  1.8

Action                   |  1- 3 |  4- 6 |  7- 9 | 10-12 || total
-------------------------+-------+-------+-------+-------++-------
Melee: Long sword        |   108 |   187 |   335 |    14 ||   644
       Headbutt          |    15 |    30 |    60 |    65 ||   170
       Scimitar          |       |       |       |   289 ||   289
Invok: Heroism           |       |       |     8 |    12 ||    20
Evoke: Wand              |       |       |     1 |       ||     1
  Use: Scroll            |     4 |     2 |     9 |     4 ||    19
       Potion            |       |     1 |     1 |     1 ||     3
 Stab: Confused          |       |       |     1 |       ||     1
Armor: Scale mail        |    59 |    22 |       |       ||    81
       Plate armour      |       |    94 |   193 |   154 ||   441
Dodge: Dodged            |    56 |    59 |   129 |   121 ||   365
Block: Buckler           |    38 |    50 |    71 |    94 ||   253
